AoeStats
← kimbo

Arabia

510670086Analyzed
2v2 RM · 12h ago on Oct 2, 2026· 25m 31s· 4 players
Game mode
Random Map
Map size
Medium (4 player)
Population
200
Speed
Normal
Resources
Standard
Victory
Conquest
Starting age
Dark Age
Ending age
Imperial Age
RankedLock teamsTeams togetherTeam positionsShared explorationLock speedFull tech treeHidden civsTurbo modeCheats
Victory
Defeat
🇲🇽 Ethiopians · Mexico
1473
+11
🇲🇽 Franks · Mexico
1415
+12
🇦🇷 Persians · Argentina
1358
-12
🇦🇷 Maya · Argentina
1338
-11
VL Mick 💀
6:36 Loom
9:11 Feudal Age
9:14 Man-at-Arms
9:47 Double-Bit Axe
16:00 Fletching
17:09 Padded Archer Armor
20:43 Gold Mining
24:49 Castle Age
23:16 Horse Collar
24:10 Stone Mining
24:55 Crossbowman
25:30 Bodkin Arrow
VL Ferdinand
5:51 Loom
9:25 Feudal Age
9:57 Double-Bit Axe
13:25 Scale Barding Armor
18:41 Wheelbarrow
20:32 Castle Age
19:41 Gold Mining
22:25 Chain Barding Armor
22:37 Bow Saw
22:28 Husbandry
22:31 Light Cavalry
25:16 Forging
Pingocho
8:40 Feudal Age
8:58 Loom
9:36 Double-Bit Axe
23:07 Castle Age
22:44 Gold Mining
22:36 Horse Collar
23:23 Scale Barding Armor
kimbo
0:30 Loom
9:05 Feudal Age
10:40 Double-Bit Axe
17:54 Fletching
21:27 Padded Archer Armor
25:40 Castle Age
Connection lost

Rejoining the realm…

Still unreachable

The connection could not be restored.

Session expired

The server has moved on; the page needs a fresh start.